 Dungeon Crawl Stone Soup version 0.29-a0-613-gf2c431b9b9 (webtiles) character file.

Game seed: 1337923128798741964

452 nrs142 the Bolt Thrower (level 6, -4/55 HPs)
             Began as a Minotaur Hunter on June 16, 2022.
             Was a Priest of Dithmenos.
             Slain by Edmund
             ... wielding a +0 flail of venom
              (5 damage)
             ... on level 5 of the Dungeon.
             The game lasted 00:09:59 (3069 turns).

nrs142 the Bolt Thrower (Minotaur Hunter)           Turns: 3069, Time: 00:10:00

Health: -4/55      AC:  7    Str: 17    XL:     6   Next: 75%
Magic:  5/5        EV: 13    Int:  6    God:    Dithmenos [***...]
Gold:   306        SH:  0    Dex: 14    Spells: 4/5 levels left

rFire   + . .      SeeInvis .   a - +1 hand crossbow
rCold   + . .      Faith    .   (no shield)
rNeg    + . .      Spirit   .   i - +0 leather armour
rPois   +          Reflect  .   B - +2 hat
rElec   +          Harm     .   k - +1 cloak
rCorr   +          Rampage  .   m - +0 pair of gloves
Will    +....                   r - +0 pair of boots
Stlth   +++.......              C - amulet of regeneration
HPRegen 0.98/turn               D - ring of positive energy
MPRegen 0.09/turn               (no ring)

@: mighty, brilliant, lethally poisoned (-4 -> -10), resistant, attractive,
flying, wreathed by umbra
A: horns 2, retaliatory headbutt, deformed body, strong-willed 1, wild magic 1
a: Renounce Religion, Shadow Step


You were on level 5 of the Dungeon.
You worshipped Dithmenos.
Dithmenos was most pleased with you.
You visited 1 branch of the dungeon, and saw 5 of its levels.

You collected 306 gold pieces.

Inventory:

Hand Weapons
 a - a +1 hand crossbow (weapon)
Armour
 i - a +0 leather armour (worn)
 k - a +1 cloak (worn)
 m - a +0 pair of gloves (worn)
 r - a +0 pair of boots (worn)
 B - a +2 hat (worn)
Jewellery
 C - an amulet of regeneration (around neck)
 D - a ring of positive energy (left hand)
Scrolls
 c - a scroll of immolation
 f - 2 scrolls of brand weapon {unknown}
 g - 5 scrolls of identify {unknown}
 j - a scroll of poison {unknown}
 n - 2 scrolls of fear {unknown}
 o - a scroll of vulnerability {unknown}
 s - a scroll of magic mapping {unknown}
 v - a scroll of blinking {unknown}
 x - 2 scrolls of fog {unknown}
 y - 2 scrolls of amnesia {unknown}
 z - a scroll of enchant weapon {unknown}
 A - a scroll of teleportation {unknown}
Potions
 d - a potion of flight
 h - a potion of ambrosia {unknown}
 t - a potion of degeneration {unknown}


   Skills:
 + Level 4.8 Fighting
 + Level 5.8 Crossbows
 + Level 4.3 Dodging
 + Level 3.1 Stealth
 + Level 0.7 Transmutations


You had 4 spell levels left.
You knew the following spells:

 Your Spells              Type           Power      Damage    Failure   Level
a - Beastly Appendage     Tmut           2%         N/A       52%         1

Your spell library contained the following spells:

 Spells                   Type           Power      Damage    Failure   Level
 Wereblood                Tmut           1%         N/A       65%         2
 Static Discharge         Conj/Air       0%         N/A       75%         2
 Spider Form              Tmut/Pois      0%         N/A       89%         3
 Dazzling Flash           Conj/Hex       0%         N/A       92%         3
 Iskenderun's Mystic Bla  Conj/Tloc      0%         2d3       100%        4
 Blade Hands              Tmut           0%         N/A       100%        5
 Irradiate                Conj/Tmut      0%         3d13      100%        5
 Lightning Bolt           Conj/Air       0%         1d11      100%        5
 Starburst                Conj/Fire      0%         6d3       100%        6
 Dragon Form              Tmut           0%         N/A       100%        7
 Maxwell's Capacitive Co  Air            0%         ∞         100%        8
 Chain Lightning          Conj/Air       0%         N/A       100%        9
 Fire Storm               Conj/Fire      0%         5d1       100%        9
 Shatter                  Erth           0%         3d5*      100%        9


Dungeon Overview and Level Annotations

Branches:
Dungeon (5/15)
 Temple: D:4-7

Altars:
Ashenzari
Dithmenos
Fedhas
Hepliaklqana
Qazlal
Wu Jian

Shops:
D:5 *

Annotations:
D:5 Edmund


Innate Abilities, Weirdness & Mutations

You have a pair of horns on your head.
You reflexively headbutt those who attack you in melee.
Armour fits poorly on your strangely shaped body.
You are strong-willed. (Will+)
Your spells are a little harder to cast, but a little more powerful.


Message History

Press: ? - help, Shift-Dir - straight line, f/p - Edmund
Aim: Edmund, wielding a +0 flail of venom and wearing a +0 chain mail (almost dead, umbra, 72% to hit)
You shoot a bolt.
The bolt hits Edmund but does no damage.
Edmund is almost dead.
Edmund closely misses you.
Shoot: a) +1 hand crossbow
Press: ? - help, Shift-Dir - straight line, f/p - Edmund
Aim: Edmund, wielding a +0 flail of venom and wearing a +0 chain mail (almost dead, umbra, 72% to hit)
You shoot a bolt.
The bolt hits Edmund but does no damage.
Edmund is almost dead.
Edmund hits you with a +0 flail of venom.
You are poisoned.
Edmund hits you with a +0 flail of venom.
* * * LOW HITPOINT WARNING * * *
You are more poisoned.
It was a potion of brilliance.
You feel clever all of a sudden.
* * * LOW HITPOINT WARNING * * *
You feel very sick. Edmund hits you but does no damage.
You are lethally poisoned!
It was a potion of flight.
You feel very buoyant.
You fly up into the air.
* * * LOW HITPOINT WARNING * * *
You feel very sick. Edmund closely misses you.
It was a potion of resistance.
You feel protected.
* * * LOW HITPOINT WARNING * * *
You feel very sick. Edmund barely misses you.
It was a potion of attraction.
You feel attractive to monsters.
* * * LOW HITPOINT WARNING * * *
You feel very sick.
Edmund hits you with a +0 flail of venom.
You die...

#. #.## ... ##
#.# #.. ... #.#
#..#####..## #.#
#.###...........
#.#
#.....#......#
#.# #.@@....#
#.#
##.#.#.#...?.
### #.# #.†..#.#
### ..## ##.####
#..#####.# #..#
#.....#
#........# ##.#
#..##.#
#.######## #.#
#..##.# #.#
#.###..##.###.#
#..##..##.....#


You could see Edmund.

Vanquished Creatures
  Blork the orc (D:4)
  A scorpion (D:5)
  2 jellies (D:5)
  An orc priest (D:3)
  A hound (D:5)
  An iguana (D:5)
  An orc wizard (D:3)
  Robin (D:4)
  4 adders (D:2)
  2 ufetubi (D:4)
  A worm (D:4)
  4 dart slugs
  4 orcs (D:3)
  8 ball pythons
  4 endoplasms
  3 giant cockroaches
  16 goblins
  8 hobgoblins
  6 jackals (D:1)
  4 quokkas
  3 bats
  2 frilled lizards
  4 kobolds
  5 rats
87 creatures vanquished.

Vanquished Creatures (others)
  2 fungi (D:4)
  4 plants
6 creatures vanquished.

Grand Total: 93 creatures vanquished

Notes
Turn   | Place    | Note
-------+----------+-------------------------------------------
     0 | D:1      | nrs142 the Minotaur Hunter began the quest for the Orb.
     0 | D:1      | Reached XP level 1. HP: 18/18 MP: 0/0
    72 | D:1      | Reached skill level 1 in Stealth
    82 | D:1      | Reached XP level 2. HP: 19/25 MP: 1/1
   463 | D:1      | Found a faded altar of an unknown god.
   633 | D:1      | Prayed at the altar of an unknown god.
   633 | D:1      | Became a worshipper of Dithmenos the Shadowed
   633 | D:1      | Reached * piety under Dithmenos
   696 | D:1      | Reached XP level 3. HP: 31/31 MP: 2/2
   931 | D:2      | Learned a level 1 spell: Beastly Appendage
  1022 | D:2      | Reached XP level 4. HP: 38/38 MP: 3/3
  1097 | D:2      | You fall into a shaft and drop 1 floor!
  1112 | D:3      | Found a broken altar of Ashenzari.
  1290 | D:3      | Found a shadowy altar of Dithmenos.
  1572 | D:3      | Reached skill level 5 in Crossbows
  1655 | D:3      | Reached ** piety under Dithmenos
  1700 | D:3      | Reached XP level 5. HP: 35/46 MP: 4/4
  2050 | D:4      | Found a stormy altar of Qazlal.
  2061 | D:4      | Found a blossoming altar of Fedhas.
  2102 | D:4      | Noticed Blork the orc
  2114 | D:4      | Killed Blork the orc
  2149 | D:4      | Found an ornate altar of the Wu Jian Council.
  2405 | D:4      | Noticed Robin
  2429 | D:4      | Killed Robin
  2432 | D:4      | Reached XP level 6. HP: 41/53 MP: 5/5
  2580 | D:4      | Found a hazy altar of Hepliaklqana.
  2663 | D:5      | Entered Level 5 of the Dungeon
  2770 | D:5      | Found Hasharis's Humungous Hoard.
  2782 | D:5      | Reached *** piety under Dithmenos
  3035 | D:5      | Noticed Edmund
  3052 | D:5      | Gained mutation: You are strong-willed. (Will+) [potion of
                  | mutation]
  3052 | D:5      | Gained mutation: Your spells are a little harder to cast,
                  | but a little more powerful. [potion of mutation]
  3052 | D:5      | Gained mutation: Armour fits poorly on your strangely
                  | shaped body. [potion of mutation]
  3069 | D:5      | HP: 1/55 [poisoned by Edmund]
  3069 | D:5      | Slain by Edmund

Illustrated notes

Levels and vault maps discovered:
D:1:      dpeg_arrival_simpleton_c, layout_basic,
          shapermc_ecumenical_altar_notcrosses
D:2:      layout_loops_ring, grunt_ministairs_15, minmay_misc_feat_enclosed,
          chequers_big_river, minivault_14, kennysheep_generic_room_4
D:3:      layout_basic, nicolae_ashenzari_skybound,
          nicolae_overflow_crystal_walls
D:4:      layout_rooms, grunt_temple_overflow_forces_of_nature,
          marbit_many_paths, mainiacjoe_overflow_paths, serial_bayou_pond_e,
          st_stairs_12, uniq_blork_the_orc, uniq_robin
D:5:      layout_basic, minmay_statues_item, columned_hall_lemuel, hex_large,
          nicolae_alphabet_shops, feat_on_display, uniq_edmund

Skill      XL: |  1  2  3  4  5  6 |
---------------+-------------------+-----
Stealth        | 1 2 3 |  3.1
Fighting       | 3 4 |  4.8
Dodging        | 3 4 |  4.3
Crossbows      | 5 |  5.8
Transmutations | |  0.7

Action                   |  1- 3 |  4- 6 || total
-------------------------+-------+-------++-------
 Fire: Hand crossbow     |    76 |   226 ||   302
  Use: Potion            |       |     9 ||     9
Armor: Leather armour    |     5 |    33 ||    38
Dodge: Dodged            |    16 |   102 ||   118

Table legend: (Time is in decaauts)
 A = Elapsed time spent in this place.
 B = Non-inter-level travel time spent in this place.
 C = Inter-level travel time spent in this place.
 D = Time resting spent in this place.
 E = Time spent auto-exploring this place.
 F = Levels seen in this place.
 G = Mean time per level.
                   A        B        C        D        E       F      G
               +--------+--------+--------+--------+--------+-----+--------+
         Total |   3147 |   3097 |     50 |      0 |   2368 |   5 |  629.4 |
       Dungeon |   3147 |   3097 |     50 |      0 |   2368 |   5 |  629.4 |
               +--------+--------+--------+--------+--------+-----+--------+

Top non-repeatable levels by time:
     D:3: 972 daAuts
     D:1: 758 daAuts
     D:4: 635 daAuts
     D:5: 419 daAuts
     D:2: 361 daAuts
